 Dungeon Crawl Stone Soup version 0.30-a0-782-ge64f9170bb (webtiles) character file.

Game seed: 16850998578960635990

364 mopl the Covered (level 6, -8/39 HPs)
             Began as a Gargoyle Fighter on Mar 8, 2023.
             Killed by divine providence
             ... invoked by an orc priest
              (17 damage)
             ... on level 4 of the Dungeon.
             The game lasted 00:04:15 (2337 turns).

mopl the Covered (Gargoyle Fighter)                 Turns: 2337, Time: 00:04:15

Health: -8/39      AC: 15    Str: 19    XL:     6   Next: 67%
Magic:  6/6        EV:  9    Int:  9    God:
Gold:   99         SH:  4    Dex: 11    Spells: 5/5 levels left

rFire   . . .      SeeInvis .    a - +0 flail
rCold   + . .      Faith    .    c - +0 buckler
rNeg    + . .      Spirit   .    b - +0 scale mail
rPois   ∞          Reflect  .    q - +0 helmet "Egraffown" {rElec}
rElec   +          Harm     .    k - +0 cloak
rCorr   .          Rampage  .    h - +0 pair of gloves
Will    .....                    (no boots) Stlth
                                 (no amulet)
HPRegen 0.26/turn                t - ring of protection from cold
MPRegen 0.10/turn                (no ring)

@: no status effects
A: sickness immunity, AC +4, negative energy resistance 1, electricity
resistance, torment resistance 1, petrification resistance
a: no special abilities


You were on level 4 of the Dungeon.
You visited 1 branch of the dungeon, and saw 4 of its levels.

You collected 221 gold pieces.
You spent 122 gold pieces at shops.

Inventory:

Hand Weapons
 a - a +0 flail (weapon)
 n - a +2 hand axe of electrocution
Missiles
 o - 13 poisoned darts (quivered)
 p - 5 javelins
Armour
 b - a +0 scale mail (worn)
 c - a +0 buckler (worn)
 h - a +0 pair of gloves (worn)
 k - a +0 cloak (worn)
 q - the +0 helmet "Egraffown" (worn) {rElec}
   (You took it off Robin on level 2 of the Dungeon)

   rElec:     It insulates you from electricity.
Jewellery
 t - a ring of protection from cold (left hand)
Scrolls
 f - a scroll of enchant armour {unknown}
 j - 2 scrolls of vulnerability {unknown}
 l - a scroll of immolation {unknown}
 m - 3 scrolls of identify
 s - 2 scrolls of teleportation
 u - a scroll of amnesia {unknown}
 v - a scroll of magic mapping {unknown}
Potions
 d - 2 potions of might
 e - a potion of magic
 g - 5 potions of curing
 i - 3 potions of mutation {!q}


   Skills:
 + Level 4.4 Fighting
 * Level 4.4 Maces & Flails
 + Level 1.4 Throwing
 + Level 4.5 Armour
 + Level 2.0 Dodging
 - Level 3.2 Shields


You had 5 spell levels left.
You didn't know any spells.
Your spell library was empty.

Dungeon Overview and Level Annotations

Branches:
Dungeon (4/15)
 Temple: D:4-7

Altars:
Vehumet
Xom

Shops:
D:2 *   D:3 *


Innate Abilities, Weirdness & Mutations

You are immune to sickness and miasma.
Your stone body is resilient. (AC +4)
You are immune to poison.
You resist negative energy. (rN+)
You are resistant to electric shocks. (rElec)
You are resistant to unholy torment.
You are immune to petrification.


Message History

Unknown command.
Throw: 16 darts (poison)
Press: ? - help, Q - select action, (/) - cycle Shift-Dir - straight line, f/p - ogre
Aim: an ogre, wielding a +0 giant club (poisoned, 73% to hit)
You throw a poisoned dart. The poisoned dart hits the ogre.
An orc priest comes into view. It is wielding a +0 hand axe.
Unknown command.
Throw: 15 darts (poison)
Press: ? - help, Q - select action, (/) - cycle Shift-Dir - straight line, f/p - ogre
Aim: an ogre, wielding a +0 giant club (poisoned, 73% to hit)
You throw a poisoned dart. The poisoned dart hits the ogre.
Unknown command.
Throw: 14 darts (poison)
Press: ? - help, Q - select action, (/) - cycle Shift-Dir - straight line, f/p - ogre
Aim: an ogre, wielding a +0 giant club (poisoned, 73% to hit)
You throw a poisoned dart.
The poisoned dart barely misses the ogre.
Unknown command.
You thump the ogre!
The ogre is moderately wounded.
The ogre barely misses you.
You hit the ogre.
The ogre is moderately wounded.
The orc priest hits you with a +0 hand axe.
The ogre hits you with a +0 giant club!
You hit the ogre.
The ogre is heavily wounded.
The orc priest closely misses you.
You hit the ogre.
The ogre is severely wounded.
The ogre looks more healthy.
The ogre hits you with a +0 giant club!
* * * LOW HITPOINT WARNING * * *
The orc priest hits you but does no damage.
The orc priest barely misses you.
You closely miss the ogre.
The ogre is severely wounded.
You block the ogre's attack.
The orc priest mumbles some strange prayers to Beogh against you.
Beogh smites you!
You die...

≈ ≈≈≈
#........####.#..#
≈≈#≈#≈##...#.####...#
##
≈≈≈≈≈≈~...........##
#≈≈≈≈≈≈#...........#
≈≈≈≈#≈##..$........#..
#≈≈≈~......?.......$#
#≈≈###..).........####
".#~##.....)..?.....#
..(..((.O@..........#
....(..<..o...?.....#
...>................#
........#.##.####.###
....###.#.##.# .#
..<.###...#..### ..
#..............# . #
##.#.........# ..
#.........#


You could see an ogre and an orc priest.

Vanquished Creatures
  A howler monkey (D:3)
  An orc priest (D:3)
  Terence (D:2)
  An iguana (D:3)
  A statue (D:3)
  Robin (D:2)
  9 gnolls
  4 adders
  4 dart slugs
  5 orcs (D:3)
  8 ball pythons
  3 endoplasms
  A giant cockroach (D:2)
  14 goblins
  6 hobgoblins
  2 jackals (D:2)
  6 quokkas
  6 bats
  3 frilled lizards
  6 kobolds
  A rat (D:1)
84 creatures vanquished.

Notes
Turn   | Place    | Note
-------+----------+-------------------------------------------
     0 | D:1      | mopl the Gargoyle Fighter began the quest for the Orb.
     0 | D:1      | Reached XP level 1. HP: 14/14 MP: 1/1
   157 | D:1      | Reached XP level 2. HP: 19/19 MP: 2/2
   380 | D:1      | Reached XP level 3. HP: 19/23 MP: 3/3
   811 | D:2      | Found Baonem's General Store.
   820 | D:2      | Bought a scroll of identify for 24 gold pieces
   862 | D:2      | Reached skill level 3 in Maces & Flails
   862 | D:2      | Reached skill level 1 in Dodging
   933 | D:2      | Noticed Terence
   939 | D:2      | Killed Terence
   940 | D:2      | Reached XP level 4. HP: 29/29 MP: 4/4
   942 | D:2      | Found a shimmering altar of Xom.
  1052 | D:2      | Identified the +0 helmet "Egraffown" {rElec}
  1052 | D:2      | Noticed Robin
  1090 | D:2      | Killed Robin
  1094 | D:2      | Reached skill level 4 in Fighting
  1094 | D:2      | Reached skill level 4 in Armour
  1102 | D:2      | Reached XP level 5. HP: 21/33 MP: 5/5
  1441 | D:3      | Found a faded altar of an unknown god.
  1474 | D:3      | Found Ilum's General Store.
  1484 | D:3      | Bought a potion of curing for 42 gold pieces
  1484 | D:3      | Bought a scroll of teleportation for 42 gold pieces
  1484 | D:3      | Bought a scroll of noise for 14 gold pieces
  1830 | D:3      | Found a radiant altar of Vehumet.
  1830 | D:3      | Noticed a charred statue
  1845 | D:3      | Killed a charred statue
  2107 | D:3      | Reached skill level 4 in Maces & Flails
  2107 | D:3      | Reached skill level 1 in Throwing
  2107 | D:3      | Reached XP level 6. HP: 17/38 MP: 6/6
  2320 | D:4      | Reached skill level 2 in Dodging
  2337 | D:4      | Killed from afar by an orc priest

Illustrated notes

Levels and vault maps discovered:
D:1:      dpeg_arrival_erosion, layout_loops_ring, minmay_quantized
D:2:      layout_basic, basic_altar, serial_shops, shop, uniq_robin,
          uniq_terence
D:3:      layout_basic, vehumet_statue, serial_shops, shop,
          hellmonk_ecumenical_altar_pennies_from_heaven,
          kennysheep_decorative_pillar, minmay_misc_feat_tiny, feat_on_display
D:4:      layout_rooms, mainiacjoe_overflow_alcove_1, serial_shops, shop,
          minivault_4

Skill      XL: |  1  2  3  4  5  6 |
---------------+-------------------+-----
Maces & Flails | 3 4 |  4.4
Dodging        | 1 2 |  2.0
Fighting       | 4 |  4.4
Armour         | 4 |  4.5
Throwing       | 1 |  1.4
Shields        | |  3.2

Action                     |  1- 3 |  4- 6 || total
---------------------------+-------+-------++-------
  Melee: Flail             |   115 |   203 ||   318
  Throw: Dart              |       |     4 ||     4
    Use: Scroll            |     2 |     2 ||     4
         Potion            |       |     2 ||     2
 Armour: Scale mail        |    74 |   160 ||   234
  Dodge: Dodged            |    62 |   136 ||   198
  Block: Buckler           |    25 |    79 ||   104

Table legend: (Time is in decaauts)
 A = Elapsed time spent in this place.
 B = Non-inter-level travel time spent in this place.
 C = Inter-level travel time spent in this place.
 D = Time resting spent in this place.
 E = Time spent auto-exploring this place.
 F = Levels seen in this place.
 G = Mean time per level.
                   A        B        C        D        E       F      G
               +--------+--------+--------+--------+--------+-----+--------+
         Total |   2437 |   2393 |     44 |    211 |   1446 |   4 |  609.2 |
       Dungeon |   2437 |   2393 |     44 |    211 |   1446 |   4 |  609.2 |
               +--------+--------+--------+--------+--------+-----+--------+

Top non-repeatable levels by time:
     D:3: 965 daAuts
     D:1: 795 daAuts
     D:2: 580 daAuts
     D:4: 95 daAuts
